 Dungeon Crawl Stone Soup version 0.31.0-4-g52a2dc7128 (webtiles) character file.

Game seed: 10770294120330494752

949 Curundu the Cleaver (level 7, -6/63 HPs)
             Began as a Minotaur Berserker on Jan 22, 2024.
             Was a Priest of Trog.
             Shot with an arrow by a centaur (7 damage)
             ... on level 5 of the Dungeon.
             The game lasted 00:12:59 (3363 turns).

Curundu the Cleaver (Minotaur Berserker)            Turns: 3363, Time: 00:13:02

Health: -6/63      AC: 12    Str: 23    XL:     7   Next: 90%
Magic:  6/6        EV:  9    Int:  4    God:    Trog [***...]
Gold:   154        SH:  0    Dex: 10    Spells: 6/6 levels left

rFire   . . .        a - +0 hand axe
rCold   . . .        (no shield)
rNeg    . . .        i - +0 chain mail
rPois   .            (helmet restricted)
rElec   .            (no cloak)
rCorr   .            k - +1 pair of gloves
SInv    .            (no boots)
Will    .....        f - amulet of regeneration Stlth
                     (no ring)
HPRegen 1.10/turn    (no ring)
MPRegen 0.10/turn

%: no passive effects
@: confused
A: horns 2, retaliatory headbutt
a: Renounce Religion, Berserk, Trog's Hand


You were on level 5 of the Dungeon.
You worshipped Trog.
Trog was most pleased with you.
You visited 1 branch of the dungeon, and saw 5 of its levels.
You also visited: Sewer.

You collected 154 gold pieces.

Inventory:

Hand Weapons
 a - a +0 hand axe (weapon)
Missiles
 t - 4 boomerangs (quivered)
 u - 2 javelins
Armour
 i - a +0 chain mail (worn)
 k - a +1 pair of gloves (worn)
Jewellery
 f - an amulet of regeneration (around neck)
 l - an amulet of the acrobat
Scrolls
 g - a scroll of amnesia
 h - a scroll of fog
 o - 2 scrolls of teleportation
Potions
 b - a potion of heal wounds {unknown}
 c - a potion of lignification
 d - a potion of brilliance {unknown}
 e - a potion of mutation {unknown}
 j - 2 potions of enlightenment {unknown}
 m - a potion of haste {unknown}
 n - 3 potions of curing {unknown}
 q - a potion of invisibility {unknown}


   Skills:
 + Level 6.3 Fighting
 + Level 8.0 Axes
 + Level 5.6 Armour
 + Level 4.0 Dodging


You had 6 spell levels left.
You didn't know any spells.
Your spell library was empty.

Dungeon Overview and Level Annotations

Branches:
Dungeon (5/15)              Sewer (visited)
 Temple: D:4-7

Altars:
Makhleb
Nemelex Xobeh
Okawaru
Trog
Vehumet
Xom
The Shining One

Shops:
D:3 [


Innate Abilities, Weirdness & Mutations

You have a pair of horns on your head.
You reflexively headbutt those who attack you in melee.


Message History

The orc wizard attacks as it pursues you!
The orc wizard barely misses you.
Things that are here:
a +0 whip; an orc corpse
Found a stone staircase leading up.
The orc wizard points at you and mumbles some strange words.
You resist with some effort.
The orc wizard points at you and mumbles some strange words.
You are confused.
You hit the orc wizard but do no damage.
The orc wizard is heavily wounded.
The orc wizard gestures at you while chanting.
The puff of flame hits you!
The orc wizard hits you with a +0 dagger.
You bump into the metal wall.
The orc wizard gestures wildly while chanting.
The orc wizard flickers and vanishes!
Deactivating autopickup; reactivate with Ctrl-A.
You bump into the metal wall.
The centaur shoots an arrow.
The arrow hits you.
* * * LOW HITPOINT WARNING * * *
The orc wizard hits you but does no damage.
Something hits you but does no damage.
The centaur shoots an arrow.
Reactivating autopickup.
You feel a bit more experienced.
Your Axes skill increases to level 8!
The centaur shoots an arrow.
The arrow hits you!
* * * LOW HITPOINT WARNING * * *
The orc wizard attacks as it pursues you!
The orc wizard hits you with a +0 dagger.
* * * LOW HITPOINT WARNING * * *
The centaur shoots an arrow.
The arrow hits you but does no damage.
You're too confused to move!
The centaur shoots an arrow.
The arrow barely misses you. The orc wizard closely misses you.
You bump into the metal wall.
The centaur shoots an arrow.
The arrow hits you.
* * * LOW HITPOINT WARNING * * *
The orc wizard points at you and mumbles some strange words.
The magic dart hits you.
* * * LOW HITPOINT WARNING * * *
The centaur shoots an arrow.
The arrow hits you!
You die...

#.# ###.#
#...###
#.#...
##.#.####
#..c....#
#..#.##<#
#.)#.##.#
#.).o@..#
#.##.##.#
#. #.##.#
#. .....#
####.##..
#<##.#
... #.#


You could see a centaur and an orc wizard.

Vanquished Creatures
  Pargi (Sewer)
  A centaur (D:4)
  A phantom (D:4)
  A brain worm (Sewer)
  A scorpion (D:4)
  A howler monkey (D:4)
  5 crimson imps (D:4)
  A bombardier beetle (D:3)
  An iguana (D:4)
  5 orc wizards
  7 adders
  A river rat (D:4)
  3 dart slugs
  A ribbon worm (D:4)
  11 orcs
  4 endoplasms
  5 giant cockroaches
  5 goblins
  8 hobgoblins
  4 jackals
  A quokka (D:4)
  11 ball pythons
  7 frilled lizards
  A goblin skeleton (D:4)
  3 hobgoblin zombies (D:4)
  5 kobolds
  A kobold skeleton (D:4)
  An orc skeleton (D:4)
  An orc zombie (D:4)
  4 rats (D:2)
102 creatures vanquished.

Vanquished Creatures (others)
  An orc wizard (D:5)
1 creature vanquished.

Grand Total: 103 creatures vanquished

Notes
Turn   | Place    | Note
-------+----------+-------------------------------------------
     0 | D:1      | Curundu the Minotaur Berserker began the quest for the Orb.
     0 | D:1      | Reached XP level 1. HP: 19/19 MP: 0/0
   299 | D:1      | Reached skill level 4 in Axes
   475 | D:1      | Reached XP level 2. HP: 23/27 MP: 1/1
   931 | D:2      | Reached XP level 3. HP: 12/33 MP: 2/2
  1524 | D:3      | Found Ton Sid's Armour Shoppe.
  1570 | D:3      | Reached XP level 4. HP: 41/41 MP: 3/3
  1637 | D:3      | Reached skill level 5 in Axes
  1921 | D:3      | Reached ** piety under Trog
  1995 | D:3      | Found a burning altar of Makhleb.
  1995 | D:3      | Found a sparkling altar of Nemelex Xobeh.
  2003 | D:3      | Found a radiant altar of Vehumet.
  2005 | D:3      | Found an iron altar of Okawaru.
  2007 | D:3      | Found a faded altar of an unknown god.
  2342 | D:4      | Reached skill level 5 in Fighting
  2342 | D:4      | Reached XP level 5. HP: 45/48 MP: 4/4
  2348 | D:4      | Found a glowing golden altar of the Shining One.
  2487 | D:4      | Noticed a centaur
  2501 | D:4      | Reached skill level 6 in Axes
  2501 | D:4      | Reached XP level 6. HP: 23/56 MP: 5/5
  2560 | D:4      | Found a bloodstained altar of Trog.
  2624 | D:4      | Found a glowing drain.
  2628 | Sewer    | Entered a sewer
  2654 | Sewer    | Noticed Pargi
  2672 | Sewer    | Killed Pargi
  2673 | Sewer    | Reached XP level 7. HP: 48/62 MP: 6/6
  2716 | Sewer    | Identified the serpent talisman of Absence {Will+ Dex+3}
  2734 | Sewer    | Reached skill level 7 in Axes
  3036 | D:4      | Reached *** piety under Trog
  3146 | D:4      | Reached skill level 5 in Armour
  3175 | D:4      | Found a shimmering altar of Xom.
  3333 | D:5      | Entered Level 5 of the Dungeon
  3360 | D:5      | Reached skill level 8 in Axes
  3363 | D:5      | HP: 3/63 [centaur/arrow (3)]
  3363 | D:5      | HP: 1/63 [orc wizard/magic dart (2)]
  3363 | D:5      | Shot with an arrow by a centaur

Illustrated notes

Levels and vault maps discovered:
D:1:      dpeg_arrival_snail, layout_loops_ring
D:2:      layout_loops_cross
D:3:      layout_basic, chequers_temple_overflow_minitemple, serial_shops, shop,
          roderic_roman_lattice
D:4:      layout_rooms, nicolae_tso_besieged_by_evil, led_xom_imps,
          trog_three_pillars_becter, gup_sewer_entry_spiral, minivault_19
D:5:      layout_loops_ring, nicolae_ossuary_entry_false_entrances

Skill      XL: |  1  2  3  4  5  6  7 |
---------------+----------------------+-----
Axes           | 4 5 6 8 |  8.0
Fighting       | 4 5 6 |  6.3
Dodging        | 3 4 |  4.0
Armour         | 3 4 5 |  5.6

Action                     |  1- 3 |  4- 6 |  7- 9 || total
---------------------------+-------+-------+-------++-------
  Melee: Hand axe          |    69 |   109 |    85 ||   263
         Headbutt          |    13 |    17 |    13 ||    43
         Punch             |       |     1 |     2 ||     3
 Invoke: Trog's Hand       |       |     3 |     2 ||     5
         Berserk           |       |     1 |       ||     1
    Use: Scroll            |     6 |     1 |     3 ||    10
 Armour: Animal skin       |    34 |       |       ||    34
         Chain mail        |    17 |   136 |    96 ||   249
  Dodge: Dodged            |    50 |    71 |    42 ||   163
